AoeStats
← MatzeAoE

Enclosed

505056005Analyzed
1v1 RM · 25d ago on Sep 7, 2026· 27m 19s· 2 players
Game mode
Random Map
Map size
Tiny (2 player)
Population
200
Speed
Normal
Resources
Standard
Victory
Conquest
Starting age
Dark Age
Ending age
Imperial Age
RankedLock teamsTeams togetherTeam positionsShared explorationLock speedFull tech treeHidden civsTurbo modeCheats
Victory
Defeat
🇩🇪 Persians · Germany
2024
+13
🇦🇷 Gurjaras · Argentina
1963
-13
_Platense
5:32 Loom
11:21 Feudal Age
12:01 Double-Bit Axe
12:18 Man-at-Arms
17:46 Fletching
19:13 Scale Mail Armor
20:07 Padded Archer Armor
24:48 Castle Age
24:29 Forging
24:30 Bloodlines
25:09 Scale Barding Armor
25:44 Bow Saw
MatzeAoE
4:27 Loom
10:51 Feudal Age
11:24 Man-at-Arms
12:53 Arson
17:06 Double-Bit Axe
20:18 Fletching
21:04 Horse Collar
21:44 Scale Mail Armor
23:07 Wheelbarrow
26:14 Castle Age
26:01 Long Swordsman
26:44 Squires
27:07 Bow Saw
27:29 Chain Mail Armor
Connection lost

Rejoining the realm…

Still unreachable

The connection could not be restored.

Session expired

The server has moved on; the page needs a fresh start.